 Dungeon Crawl Stone Soup version 0.30-a0-305-g026cb31310 (webtiles) character file.

Game seed: 13492226560507997550

81 Lobster4 the Caller (level 4, -1/24 HPs)
             Began as a Deep Elf Summoner on Oct 22, 2022.
             Slain by an orc priest
             ... wielding a +0 mace
              (9 damage)
             ... on level 3 of the Dungeon.
             The game lasted 00:07:57 (1954 turns).

Lobster4 the Caller (Deep Elf Summoner)             Turns: 1954, Time: 00:07:57

Health: -1/24      AC:  2    Str:  5    XL:     4   Next: 19%
Magic:  8/12       EV: 13    Int: 22    God:
Gold:   107        SH:  0    Dex: 15    Spells: 5/11 levels left

rFire   . . .      SeeInvis .    a - +0 mace
rCold   . . .      Faith    .    (no shield)
rNeg    . . .      Spirit   .    d - +0 robe
rPois   .          Reflect  .    (no helmet)
rElec   .          Harm     .    (no cloak)
rCorr   +          Rampage  .    (no gloves)
Will    .....                    (no boots)
Stlth   ++........               (no amulet)
HPRegen 0.24/turn                t - ring of resist corrosion
MPRegen 0.13/turn                (no ring)

@: no status effects
A: no striking features
a: no special abilities


You were on level 3 of the Dungeon.
You visited 1 branch of the dungeon, and saw 3 of its levels.

You collected 107 gold pieces.

Inventory:

Hand Weapons
 a - a +0 mace (weapon)
 b - a +0 sling
 k - a +0 short sword
 q - a +0 long sword
Armour
 c - a +0 leather armour
 d - a +0 robe (worn)
Jewellery
 t - a ring of resist corrosion (left hand)
Scrolls
 e - a scroll of enchant weapon {unknown}
 f - 2 scrolls of teleportation {unknown}
 i - 2 scrolls of poison {unknown}
 j - a scroll of blinking {unknown}
 l - a scroll of butterflies {unknown}
 m - a scroll of noise {unknown}
 n - a scroll of enchant armour {unknown}
 p - 3 scrolls of identify {unknown}
 s - a scroll of amnesia {unknown}
Potions
 g - 2 potions of flight {unknown}
 h - a potion of curing {unknown}
 o - a potion of heal wounds {unknown}
 r - a potion of magic


   Skills:
 + Level 0.1 Fighting
 + Level 0.1 Ranged Weapons
 + Level 0.1 Armour
 - Level 3.0 Dodging
 - Level 2.4 Stealth
 + Level 4.0 Spellcasting
 * Level 5.5 Summonings


You had 5 spell levels left.
You knew the following spells:

 Your Spells              Type           Power      Damage    Failure   Level
a - Summon Small Mammal   Summ           100%       N/A       1%          1
b - Call Imp              Summ           29%        N/A       1%          2
c - Call Canine Familiar  Summ           29%        N/A       3%          3

Your spell library contained the following spells:

 Spells                   Type           Power      Damage    Failure   Level
 Summon Guardian Golem    Hex/Summ       16%        N/A       11%         3
 Ignite Poison            Fire/Tmut/Pois 4%         N/A       32%         3
 Kindle Blastsparks       Fire/Tloc/Air  8%         2d10      32%         3
 Tukima's Dance           Hex            4%         N/A       32%         3
 Summon Lightning Spire   Summ/Air       16%        N/A       34%         4
 Passage of Golubria      Tloc           4%         N/A       73%         4
 Freezing Cloud           Conj/Ice/Air   2%         6-21      97%         5
 Yara's Violent Unravell  Hex/Tmut       2%         3d3       97%         5


Dungeon Overview and Level Annotations

Branches:
Dungeon (3/15)

Altars:
Nemelex Xobeh


Message History

Your shadow imp hits the orc priest.
Your quokka bites the orc priest but does no damage.
The orc closely misses your quokka.
The orc priest hits your shadow imp with a +0 mace!
Your shadow imp dies!
Your shadow imp disappears in a puff of smoke!
Casting: Summon Small Mammal (safe; 1% risk of failure)
Confirm with . or Enter, or press ? or * to list all spells.
Your quokka bites the orc priest but does no damage.
Your quokka bites the orc priest.
Unknown command.
Casting: Summon Small Mammal (safe; 1% risk of failure)
Confirm with . or Enter, or press ? or * to list all spells.
Your quokka disappears in a puff of smoke!
The orc hits you with a +0 morningstar!
Unknown command.
Unknown command.
Your quokka closely misses the orc.
The orc hits you from afar with a +0 trident.
The orc barely misses you.
You hit the orc priest but do no damage.
The orc priest is severely wounded.
Your quokka barely misses the orc.
Your quokka bites the orc.
The orc dies!
The orc hits you but does no damage. The orc priest hits you with a +0 mace.
Your quokka bites the orc priest but does no damage.
You hit the orc priest but do no damage.
The orc priest is severely wounded.
Your quokka closely misses the orc priest.
The orc priest barely misses you. The orc closely misses you.
Your quokka bites the orc priest but does no damage.
Your quokka closely misses the orc priest.
The orc priest closely misses you.
The orc hits you from afar with a +0 trident.
You hit the orc priest but do no damage.
The orc priest is severely wounded.
Your quokka barely misses the orc priest.
Your quokka bites the orc priest but does no damage.
The orc priest hits you with a +0 mace!
You die...

...#######
.........# ##
.........#..
.........#.
....†.....
##.......
.....o†r#####
#)o....#
#r@###.#####
#####.##......#
#...#.##......#
+....^.'......#
#...#.##......#
#. #.##......#
#..########
##..#.....#
##.#.....#


You could see an orc priest (ally target), an orc and 2 friendly quokkas.

Vanquished Creatures
  An adder (D:3)
  A worm (D:2)
  2 dart slugs (D:2)
  4 endoplasms
  A giant cockroach (D:1)
  4 jackals (D:1)
  A quokka (D:2)
  A ball python (D:3)
  2 bats (D:2)
  A frilled lizard (D:1)
  A kobold (D:2)
19 creatures vanquished.

Vanquished Creatures (collateral kills)
  A worm (D:2)
  A dart slug (D:1)
  3 orcs (D:3)
  An endoplasm (D:3)
  A giant cockroach (D:1)
  5 goblins
  3 hobgoblins
  3 jackals (D:1)
  A kobold (D:1)
  6 ball pythons
  2 bats
  3 frilled lizards
  4 rats
34 creatures vanquished.

Grand Total: 53 creatures vanquished

Notes
Turn   | Place    | Note
-------+----------+-------------------------------------------
     0 | D:1      | Lobster4 the Deep Elf Summoner began the quest for the Orb.
     0 | D:1      | Reached XP level 1. HP: 10/10 MP: 6/6
   246 | D:1      | Reached XP level 2. HP: 11/15 MP: 5/8
   775 | D:1      | Reached skill level 5 in Summonings
   904 | D:2      | Reached XP level 3. HP: 16/19 MP: 7/10
   907 | D:2      | Learned a level 2 spell: Call Imp
  1698 | D:3      | Found a sparkling altar of Nemelex Xobeh.
  1777 | D:3      | Reached XP level 4. HP: 20/24 MP: 8/12
  1927 | D:3      | Learned a level 3 spell: Call Canine Familiar
  1954 | D:3      | Slain by an orc priest

Illustrated notes

Levels and vault maps discovered:
D:1:      onia_arrival_pentagram, layout_loops_cross, minmay_tripent
D:2:      layout_rooms, dreamdust_princess_bridge
D:3:      layout_basic, nicolae_hepliaklqana_monster_ancestors,
          nemelex_dance_club_becter, nicolae_underground_beach, uniq_robin

Skill      XL: |  1  2  3 |
---------------+----------+-----
Dodging        | 3 |  3.0
Summonings     | 5 |  5.5
Spellcasting   | 4 |  4.0
Fighting       | |  0.1
Ranged Weapons | |  0.1
Armour         | |  0.1
Stealth        | |  2.4

Action                   |  1- 3 |  4- 6 || total
-------------------------+-------+-------++-------
Melee: Mace              |    66 |    10 ||    76
       Punch             |     1 |       ||     1
 Cast: Summon Small Mamm |    55 |     6 ||    61
       Call Imp          |    11 |     2 ||    13
  Use: Potion            |     1 |       ||     1
 Stab: Distracted        |     1 |     1 ||     2
Armor: Robe              |    21 |     1 ||    22
Dodge: Dodged            |    81 |     7 ||    88

Table legend: (Time is in decaauts)
 A = Elapsed time spent in this place.
 B = Non-inter-level travel time spent in this place.
 C = Inter-level travel time spent in this place.
 D = Time resting spent in this place.
 E = Time spent auto-exploring this place.
 F = Levels seen in this place.
 G = Mean time per level.
                   A        B        C        D        E       F      G
               +--------+--------+--------+--------+--------+-----+--------+
         Total |   1971 |   1925 |     46 |    111 |   1222 |   3 |  657.0 |
       Dungeon |   1971 |   1925 |     46 |    111 |   1222 |   3 |  657.0 |
               +--------+--------+--------+--------+--------+-----+--------+

Top non-repeatable levels by time:
     D:1: 897 daAuts
     D:2: 604 daAuts
     D:3: 468 daAuts
